AoeStats
← TheDayDollarDie

Arabian Desert

509699610Analyzed
1v1 RM · 4d ago on Sep 27, 2026· 49m 6s· 2 players
Game mode
Random Map
Map size
Tiny (2 player)
Population
200
Speed
Normal
Resources
Standard
Victory
Conquest
Starting age
Dark Age
Ending age
Imperial Age
RankedLock teamsTeams togetherTeam positionsShared explorationLock speedFull tech treeHidden civsTurbo modeCheats
Victory
Defeat
🇫🇷 Franks · France
889
+16
🇺🇸 Poles · United States
896
-16
TheDayDollarDie
10:11 Feudal Age
9:34 Loom
16:54 Double-Bit Axe
23:25 Castle Age
21:54 Gold Mining
24:09 Husbandry
24:27 Bow Saw
24:59 Gold Shaft Mining
24:32 Scale Barding Armor
26:48 Wheelbarrow
27:18 Fletching
27:30 Stone Mining
28:18 Elite Skirmisher
30:51 Bodkin Arrow
30:57 Padded Archer Armor
32:14 Hand Cart
33:22 Chain Barding Armor
33:18 Leather Archer Armor
33:14 Forging
35:01 Ballistics
38:09 Imperial Age
38:36 Iron Casting
39:16 Conscription
40:30 Chemistry
40:40 Blast Furnace
40:17 Plate Barding Armor
41:00 Heavy Mounted Crossbowman
41:01 Cranequins
43:59 Cavalier
安野希世乃だけ
8:21 Loom
10:33 Feudal Age
11:44 Horse Collar
11:51 Double-Bit Axe
23:44 Castle Age
22:13 Gold Mining
23:20 Forging
24:10 Fletching
24:35 Pikeman
26:22 Iron Casting
30:27 Wheelbarrow
31:07 Squires
33:23 Ballistics
33:05 Crossbowman
34:12 Scale Mail Armor
37:40 Imperial Age
37:03 Hand Cart
38:09 Hand Cart
37:46 Town Watch
39:45 Chemistry
41:27 Blast Furnace
40:16 Onager
42:02 Conscription
42:16 Masonry
45:35 Chain Mail Armor
48:07 Plate Mail Armor
48:17 Bow Saw
48:44 Lechitic Legacy
Connection lost

Rejoining the realm…

Still unreachable

The connection could not be restored.

Session expired

The server has moved on; the page needs a fresh start.